 Dungeon Crawl Stone Soup version 0.24-a0-278-gefa1973 (webtiles) character file.

Game seed: 6160050371102202541

60069 Inarius the Severer (level 14, -21/125 HPs)
             Began as a Hill Orc Fighter on Apr 28, 2019.
             Was a High Priest of Beogh.
             Demolished by an orc knight
             ... wielding a +0 halberd
              (26 damage)
             ... while paralysed by an orc sorcerer
             ... on level 2 of the Orcish Mines on Apr 29, 2019.
             The game lasted 00:42:09 (19112 turns).

Inarius the Severer (Hill Orc Fighter)             Turns: 19112, Time: 00:42:09

Health: -21/125    AC: 22    Str: 31    XL:     14   Next: 97%
Magic:  0/21       EV:  2    Int:  8    God:    Beogh [*****.]
Gold:   1747       SH:  0    Dex: 10    Spells: 13/13 levels left

rFire    . . .     SeeInvis .   D - +8 war axe "Balalyogg" {flame, Str+3}
rCold    . . .     Gourm    .   c - +0 shield
rNeg     . . .     Faith    .   A - +0 plate armour
rPois    .         Spirit   +   (no helmet)
rElec    .         Reflect  .   k - +0 cloak
rCorr    .         Harm     .   V - +0 pair of gloves
MR       +....                  p - +0 pair of boots
Stlth    ..........             S - amulet of guardian spirit
HPRegen  0.30/turn              l - +4 ring of strength
MPRegen  0.17/turn              F - +4 ring of protection

@: paralysed, lethally poisoned (-21 -> -29)
A: walk on water
a: Smiting, Recall Orcish Followers, Give Item to Named Follower, Renounce
Religion


You were on level 2 of the Orcish Mines.
You worshipped Beogh.
Beogh was extremely pleased with you.
You were not hungry.

You visited 3 branches of the dungeon, and saw 20 of its levels.
You also visited: Sewer and Ice Cave.

You collected 1747 gold pieces.

Inventory:

Hand Weapons
 n - a +0 vampiric long sword
 D - the +8 war axe "Balalyogg" (weapon) {flame, Str+3}
   (You found it on level 5 of the Dungeon)

   It has been specially enchanted to burn those struck by it, causing extra
   injury to most foes and up to half again as much damage against particularly
   susceptible opponents.
   Big, fiery blades are also staple armaments of hydra-hunters.
   It affects your strength (+3).
 Q - the +1 morningstar "Uddeyvig" {flame, rC+}
   (You found it in an ice cave)

   It has been specially enchanted to burn those struck by it, causing extra
   injury to most foes and up to half again as much damage against particularly
   susceptible opponents.
   It protects you from cold.
Armour
 c - a +0 shield (worn)
 k - a +0 cloak (worn)
 p - a +0 pair of boots (worn)
 A - a +0 plate armour (worn)
 V - a +0 pair of gloves (worn)
Jewellery
 l - a +4 ring of strength (left hand)
 x - an uncursed amulet of regeneration {unknown}
 E - an uncursed ring of protection from cold
 F - a +4 ring of protection (right hand)
 L - an uncursed ring of see invisible
 S - an amulet of guardian spirit (around neck)
Wands
 a - a wand of digging (8)
 d - a wand of iceblast (18)
 j - a wand of scattershot (4)
 r - a wand of flame (41)
 u - a wand of polymorph (24)
 G - a wand of acid (6)
 J - a wand of paralysis (16)
 R - a wand of disintegration (14)
Scrolls
 b - 3 scrolls of magic mapping
 g - 7 scrolls of enchant armour
 t - 3 scrolls of enchant weapon
 y - 4 scrolls of noise
 C - 10 scrolls of teleportation
 I - 2 scrolls of blinking
 K - 7 scrolls of remove curse
 M - 5 scrolls of immolation
 N - a scroll of torment {unknown}
 O - a scroll of vulnerability
 P - a scroll of summoning {unknown}
 T - a scroll of random uselessness {unknown}
 U - a scroll of holy word
 W - 4 scrolls of amnesia {unknown}
Potions
 e - 4 potions of heal wounds
 h - a potion of mutation
 i - 12 potions of curing
 m - a potion of ambrosia
 o - a potion of might
 q - 2 potions of berserk rage
 s - 5 potions of flight
 v - 3 potions of magic {unknown}
 w - 6 potions of agility
 z - 6 potions of haste {unknown}
 B - 2 potions of cancellation
 Z - 2 potions of resistance
Miscellaneous
 H - a sack of spiders
 X - a lamp of fire
 Y - a lightning rod (4/4)
Comestibles
 f - 44 rations


   Skills:
 + Level 11.9 Fighting
 * Level 19.3 Axes
 + Level 10.0 Armour
 + Level 2.0 Dodging
 - Level 2.1 Stealth
 + Level 11.5 Shields
 + Level 0.4 Unarmed Combat
 * Level 9.6 Invocations
 * Level 9.4 Evocations


You had 13 spell levels left.
You didn't know any spells.
Your spell library contained the following spells:

 Spells                   Type           Power        Failure   Level  Hunger
 Magic Dart               Conj           #...         99%         1    ##.....
 Shock                    Conj/Air       #...         99%         1    ##.....
 Blink                    Tloc           N/A          100%        2    ###....
 Call Imp                 Summ           #.......     100%        2    ###....
 Slow                     Hex            #.......     100%        2    ###....
 Sublimation of Blood     Necr           #.........   100%        2    ###....
 Swiftness                Chrm/Air       #.......     100%        2    ###....
 Conjure Flame            Conj/Fire      #.......     100%        3    ####...
 Ignite Poison            Fire/Tmut/Pois #.......     100%        3    ####...
 Mephitic Cloud           Conj/Pois/Air  #.......     100%        3    ####...
 Static Discharge         Conj/Air       #.......     100%        3    ####...
 Airstrike                Air            #.........   100%        4    #####..
 Ice Form                 Ice/Tmut       #.......     100%        4    #####..
 Petrify                  Tmut/Erth      #.......     100%        4    #####..
 Alistair's Intoxication  Tmut/Pois      #.......     100%        5    ######.
 Irradiate                Conj/Tmut      #.........   100%        5    ######.
 Lightning Bolt           Conj/Air       #.........   100%        5    ######.
 Metabolic Englaciation   Hex/Ice        #.........   100%        5    ######.
 Bolt of Cold             Conj/Ice       #.........   100%        6    #######
 Freezing Cloud           Conj/Ice/Air   #.........   100%        6    #######
 Ozocubu's Refrigeration  Ice            #.........   100%        6    #######
 Simulacrum               Ice/Necr       #.........   100%        6    #######
 Ignition                 Fire           #.........   100%        8    #######
 Shatter                  Erth           #.........   100%        9    #######
 Tornado                  Air            #.........   100%        9    #######


Dungeon Overview and Level Annotations

Branches:
Dungeon (12/15)            Temple (0/1) D:7            Lair (6/6) D:11
  Swamp (0/4) Lair:2       Spider (0/4) Lair:2        Slime (0/5) Lair:6
    Orc (2/2) D:9
    Elf: Orc:2

Altars:
Cheibriados
Dithmenos
Elyvilon
Gozag
Hepliaklqana
Qazlal
Sif Muna
Trog
Xom
Zin
The Shining One
Beogh

Shops:
D:10 (

Annotations:
D:8 exclusion: obsidian statue
D:10 3 runed translucent doors, Ijustatesigmund's ghost, journeyman OpFi
Lair:4 1 runed translucent door, zard0z's ghost, journeyman DrFE
Lair:6 exclusion: orange crystal statue
Orc:1 2 transporters, Ijustatesigmund's ghost, journeyman OpFi


Message History

The orc knight hits you but does no damage.
The orc knight misses your orc warrior.
The orc knight hits Hawl with a +0 battleaxe!
The orc knight hits you from afar with a +0 glaive of venom!
You are poisoned.
Your orc warrior closely misses the orc knight.
The orc knight hits you with a cursed +0 war axe!!
* * * LOW HITPOINT WARNING * * *
The orc knight completely misses your orc warrior.
The orc knight hits your orc warrior with a cursed +0 war axe!
The smoke demon gestures at you. Beogh smites you!
* * * LOW HITPOINT WARNING * * *
Your orc barely misses the hellwing.
Your orc warrior barely misses the orc knight.
A tomahawk appears from out of your range of vision.
The tomahawk hits your orc warrior but does no damage.
The orc knight hits you from afar with a +0 halberd!!
You die...
Beogh appreciates the orc knight's killing of a heretic priest.

...4..(########
......o....#^..
......)........
......oo.......
......o3............####
......oo...........#.#.#
.....o4ooo..............
.....oo@oo..............
......o))...............
......................#o
........................
.....)..)...............
....).().)..............
.....))).)..............
......)..)..............
................).....##


You could see 4 orc knights, an orc high priest, a hellwing, an ice devil, a
smoke demon, an orc sorcerer, an orc priest, the friendly Hawl the orc warlord,
4 friendly orc warriors, the friendly Spirok the orc warrior and 2 friendly
orcs.

Vanquished Creatures
  Azrael (Orc:2)
  Harold (D:9)
  7 hydras
  Erica (D:8)
  A merfolk avatar (Lair:6)
  A shambling mangrove (Lair:4)
  A centaur warrior (D:10)
  4 death yaks (Lair:4)
  A two-headed ogre (D:10)
  An orc high priest (Orc:2)
  An unseen horror (D:11)
  An orc knight (Orc:2)
  Pikel (D:9)
  A harpy (Lair:6)
  A phantasmal warrior (D:12)
  4 ugly things
  An orc sorcerer (Orc:2)
  11 elephants
  3 cyclopes
  4 black mambas
  3 ice statues (IceCv)
  6 spiny frogs
  8 komodo dragons
  A gargoyle (D:10)
  2 rime drakes
  A troll (D:9)
  2 polar bears
  Grinder (D:3)
  A wind drake (Lair:6)
  3 hornets
  4 dream sheep (Lair:4)
  14 blink frogs
  10 hippogriffs
  2 fire elementals (Orc:2)
  A wraith (D:12)
  A wyvern (Lair:4)
  46 yaks
  2 basilisks
  3 vampire mosquitoes (D:12)
  A soldier ant (D:9)
  2 wargs (D:10)
  10 water moccasins
  5 orc warriors
  9 porcupines
  2 sky beasts
  13 ice beasts
  A slave (D:9)
  2 phantoms
  An eye of draining (D:10)
  A black bear (D:11)
  7 ogres
  A wolf (Lair:6)
  4 centaurs
  18 crocodiles
  3 big kobolds
  18 bullfrogs
  A gnoll sergeant (D:8)
  2 scorpions (D:9)
  4 killer bees (D:10)
  3 wights (D:12)
  5 howler monkeys
  An electric eel (Lair:5)
  2 lava snakes (Lair:6)
  7 crimson imps
  A bullfrog zombie (D:12)
  3 orc priests (D:9)
  4 hounds
  An iguana (D:6)
  2 jellies
  Crazy Yiuf (D:6)
  A centaur skeleton (D:7)
  A bullfrog skeleton (D:4)
  3 worker ants
  Natasha (thrice) (D:3)
  10 orc wizards
  A hound zombie (D:3)
  A hound skeleton (D:10)
  A worker ant zombie (D:10)
  3 gnolls (D:8)
  11 adders
  5 shadow imps
  An ooze (Sewer)
  3 adder zombies
  An adder skeleton (D:10)
  4 worms
  3 dart slugs
  5 leopard geckos
  34 orcs
  8 bats
  5 giant cockroaches
  6 goblins
  6 hobgoblins
  13 jackals
  43 kobolds
  2 quokkas
  5 ball pythons
  4 frilled lizards
  2 leopard gecko skeletons
  A quokka skeleton (D:9)
  15 rats
  5 fungi
  6 plants
505 creatures vanquished.

Vanquished Creatures (collateral kills)
  Erolcha (Orc:1)
  Sonja (Lair:5)
  An orc high priest (Orc:2)
  2 sea snakes (Lair:6)
  An orc knight (Orc:1)
  A phantasmal warrior (D:12)
  A harpy (Lair:6)
  An orc sorcerer (Orc:2)
  A deep elf mage (D:12)
  3 elephants (Lair:6)
  2 black mambas (Lair:6)
  3 spiny frogs (Lair:6)
  A komodo dragon (Lair:6)
  A rime drake (D:12)
  3 hippogriffs
  A dream sheep (D:12)
  6 yaks
  A basilisk (Lair:5)
  A fire elemental (Orc:2)
  2 wargs (Orc:2)
  2 water moccasins (Lair:6)
  4 hell hounds (Orc:2)
  An acid dragon (D:11)
  3 wolves (Lair:6)
  An orc warrior (Orc:2)
  2 phantoms
  4 crocodiles
  A big kobold (D:11)
  A lava snake (Lair:6)
  A bullfrog zombie (D:12)
  An orc wizard (Orc:1)
  A worker ant (D:12)
  3 orcs
  A jackal (D:11)
  A kobold (D:11)
  A plant (Lair:6)
62 creatures vanquished.

Vanquished Creatures (others)
  2 orc sorcerers
  2 elephants (Lair:6)
  5 orc warriors
  An eye of draining (D:10)
  7 orc priests (Orc:2)
  5 orc wizards
  9 orcs
  14 fungi
  11 plants
56 creatures vanquished.

Grand Total: 623 creatures vanquished

Notes
Turn   | Place    | Note
-------+----------+-------------------------------------------
     0 | D:1      | Inarius the Hill Orc Fighter began the quest for the Orb.
     0 | D:1      | Reached XP level 1. HP: 19/19 MP: 1/1
   124 | D:1      | Reached XP level 2. HP: 25/27 MP: 2/2
   529 | D:1      | Reached skill level 3 in Axes
   537 | D:1      | Reached XP level 3. HP: 32/33 MP: 3/3
  1257 | D:2      | Reached XP level 4. HP: 40/40 MP: 1/4
  1332 | D:2      | Reached skill level 4 in Axes
  1923 | D:3      | Noticed Grinder
  1939 | D:3      | Killed Grinder
  1939 | D:3      | Reached skill level 6 in Axes
  1939 | D:3      | Reached XP level 5. HP: 32/46 MP: 5/5
  1939 | D:3      | Reached XP level 6. HP: 37/52 MP: 6/6
  2026 | D:3      | Found a stormy altar of Qazlal.
  2485 | D:3      | Noticed Natasha
  2502 | D:3      | Killed Natasha
  2569 | D:3      | Noticed Natasha
  2577 | D:3      | Killed Natasha
  2670 | D:3      | Noticed Natasha
  2682 | D:3      | Killed Natasha
  2682 | D:3      | Reached skill level 1 in Evocations
  2961 | D:4      | Found a hazy altar of Hepliaklqana.
  3171 | D:4      | Reached XP level 7. HP: 60/60 MP: 7/7
  3523 | D:4      | Reached skill level 7 in Axes
  3682 | D:4      | Reached skill level 5 in Shields
  4134 | D:5      | Entered Level 5 of the Dungeon
  4438 | D:5      | Got a crude war axe
  4439 | D:5      | Identified the +8 war axe "Balalyogg" {flame, Str+3} (You
                  | found it on level 5 of the Dungeon)
  4560 | D:5      | Reached skill level 8 in Axes
  4698 | D:5      | Reached XP level 8. HP: 66/67 MP: 9/9
  4953 | D:6      | Found a deep blue altar of Sif Muna.
  5174 | D:6      | Reached skill level 9 in Axes
  5252 | D:6      | Reached skill level 5 in Armour
  5255 | D:6      | Reached skill level 5 in Fighting
  5292 | D:6      | Found a glowing drain.
  5308 | Sewer    | Entered a sewer
  5401 | Sewer    | Reached skill level 10 in Axes
  5775 | D:6      | Found a glowing silver altar of Zin.
  5775 | D:6      | Found a glowing golden altar of the Shining One.
  5787 | D:6      | Found a white marble altar of Elyvilon.
  5993 | D:6      | Found a runed translucent door.
  5994 | D:6      | Noticed Crazy Yiuf
  6080 | D:6      | Killed Crazy Yiuf
  6150 | D:7      | Found a glowing golden altar of the Shining One.
  6176 | D:7      | Found a staircase to the Ecumenical Temple.
  6364 | D:7      | Found a snail-covered altar of Cheibriados.
  6366 | D:7      | Found an opulent altar of Gozag.
  6438 | D:7      | Found a bloodstained altar of Trog.
  6438 | D:7      | Found a shadowy altar of Dithmenos.
  6463 | D:7      | Reached XP level 9. HP: 62/74 MP: 7/11
  6486 | D:7      | Reached skill level 11 in Axes
  6877 | D:8      | Noticed Erica
  6891 | D:8      | Killed Erica
  6891 | D:8      | Reached skill level 12 in Axes
  6891 | D:8      | Reached skill level 1 in Dodging
  6984 | D:8      | Noticed an obsidian statue
  7285 | D:8      | Reached skill level 13 in Axes
  7285 | D:8      | Reached XP level 10. HP: 80/84 MP: 10/13
  7691 | D:9      | Became a worshipper of Beogh the Brigand
  7880 | D:9      | Noticed Pikel
  7890 | D:9      | Killed Pikel
  8005 | D:9      | Reached * piety under Beogh
  8077 | D:9      | Found a snail-covered altar of Cheibriados.
  8088 | D:9      | Found a staircase to the Orcish Mines.
  8193 | D:9      | Noticed Harold
  8203 | D:9      | Killed Harold
  8203 | D:9      | Reached skill level 14 in Axes
  8435 | D:9      | Reached skill level 5 in Evocations
  8589 | D:10     | Entered Level 10 of the Dungeon
  8589 | D:10     | Noticed a seven-headed hydra
  8673 | D:10     | Killed a two-headed hydra
  8673 | D:10     | Reached skill level 15 in Axes
  8673 | D:10     | Reached XP level 11. HP: 48/92 MP: 7/14
  8687 | D:10     | Noticed a centaur warrior
  8701 | D:10     | Killed a centaur warrior
  9099 | D:10     | Found Zefat's Weapon Boutique.
  9331 | D:10     | Found a runed translucent gate.
  9331 | D:10     | Found a runed translucent gate.
  9331 | D:10     | Found a runed translucent gate.
  9331 | D:10     | Noticed Ijustatesigmund's ghost (journeyman OpFi)
  9362 | D:11     | Reached ** piety under Beogh
  9399 | D:11     | Noticed a two-headed ogre
  9507 | D:10     | Killed a two-headed ogre
  9507 | D:10     | Reached skill level 1 in Invocations
  9623 | D:11     | Reached skill level 16 in Axes
  9644 | D:11     | Found a staircase to the Lair.
  9663 | Lair:1   | Entered Level 1 of the Lair of Beasts
 10536 | Lair:1   | Reached XP level 12. HP: 96/103 MP: 13/16
 10957 | Lair:2   | Reached *** piety under Beogh
 11149 | Lair:2   | Found a staircase to the Swamp.
 11300 | Lair:2   | Found a hole to the Spider Nest.
 11599 | Lair:3   | Reached skill level 17 in Axes
 12260 | Lair:3   | You fall through a shaft!
 12332 | Lair:4   | Noticed a death yak
 12354 | Lair:3   | Reached skill level 5 in Invocations
 12611 | Lair:4   | Noticed a death yak
 12611 | Lair:4   | Noticed a death yak
 12612 | Lair:4   | Noticed a death yak
 12628 | Lair:4   | Killed a death yak
 12628 | Lair:4   | Reached skill level 10 in Fighting
 12633 | Lair:4   | Killed a death yak
 12642 | Lair:4   | Killed a death yak
 12642 | Lair:4   | Reached **** piety under Beogh
 12642 | Lair:4   | Reached XP level 13. HP: 82/113 MP: 12/18
 12673 | Lair:4   | Found a runed translucent door.
 12674 | Lair:4   | Found a shimmering altar of Xom.
 12674 | Lair:4   | Noticed zard0z's ghost (journeyman DrFE)
 12687 | Lair:4   | Found a stormy altar of Qazlal.
 12853 | Lair:4   | Paralysed by a hornet for 2 turns
 14001 | Lair:5   | Reached skill level 18 in Axes
 14034 | Lair:5   | Reached skill level 10 in Shields
 14037 | Lair:5   | Reached ***** piety under Beogh
 14043 | Lair:5   | Reached skill level 1 in Stealth
 14083 | Lair:5   | Gained Hawl as an ally
 14167 | Lair:5   | Noticed Sonja
 14177 | Lair:5   | Killed Sonja
 14813 | Lair:6   | Entered Level 6 of the Lair of Beasts
 14887 | Lair:6   | Reached XP level 14. HP: 113/124 MP: 20/20
 16202 | Lair:6   | Found a staircase to the Slime Pits.
 16961 | D:11     | Reached skill level 19 in Axes
 17194 | D:11     | Reached ****** piety under Beogh
 17198 | D:11     | Upgraded the game from 0.24-a0-275-g6f7e2cb to
                  | 0.24-a0-278-gefa1973
 17339 | D:12     | Found a frozen archway.
 17354 | IceCv    | Entered an ice cave
 17537 | IceCv    | Identified the cursed +1 morningstar "Uddeyvig" {flame,
                  | rC+} (You found it in an ice cave)
 18598 | Orc:1    | Entered Level 1 of the Orcish Mines
 18648 | Orc:1    | Found a transporter.
 18650 | Orc:1    | Found a transporter.
 18650 | Orc:1    | Noticed Ijustatesigmund's ghost (journeyman OpFi)
 18653 | Orc:1    | Identified the cursed +1 great mace of Ilifreah {crush, rF+
                  | rN+}
 18673 | Orc:1    | Noticed Erolcha
 18680 | Orc:1    | Killed Erolcha
 18853 | Orc:2    | Entered Level 2 of the Orcish Mines
 18899 | Orc:2    | Found a roughly hewn altar of Beogh.
 19065 | Orc:2    | Noticed Azrael
 19083 | Orc:2    | Killed Azrael
 19097 | Orc:2    | Gained Spirok as an ally
 19097 | Orc:2    | Reached skill level 10 in Armour
 19103 | Orc:2    | Paralysed by an orc sorcerer for 4 turns
 19110 | Orc:2    | Paralysed by an orc sorcerer for 5 turns
 19112 | Orc:2    | HP: 5/125 [smoke demon/divine providence[an orc high
                  | priest] (12)]
 19112 | Orc:2    | Demolished by an orc knight

Levels and vault maps discovered:
D:1:      scummos_arrival_star, layout_loops_cross
D:2:      layout_loops_ring
D:3:      layout_basic, grunt_qazlal_clouds, uniq_natasha, uniq_grinder
D:4:      kennysheep_kobold_camp, layout_basic, nicolae_overflow_crystal_walls,
          serial_bayou_lake_a
D:5:      layout_loops_corners, first_ration, minmay_misc_feat_diagonals,
          minivault_27
D:6:      layout_loops_ring, good_gods_temple_1, cheibrodos_sewer_entry_bend,
          grunt_ministairs_5, hex_tiny, led_sif_pool, uniq_crazy_yiuf_cottage
D:7:      layout_loops_ring, nicolae_overflow_hidden_temple,
          minmay_temple_entry_statues_fountains, grunt_ogre_cave, tso_metal_star
D:8:      minmay_statue_hallways, layout_basic, minmay_misc_feat_pillars,
          uniq_erica
D:9:      layout_grid_maze, orc_0_dummy, cheibriados_altar_1, uniq_harold,
          uniq_pikel
D:10:     layout_big_octagon, gammafunk_ghost_necromancy, serial_shops,
          kennysheep_little_box
D:11:     layout_stronghold, erik_lair_orcish_takeover
D:12:     layout_cave_pods, portal_ice_cave_rime
Lair:1:   layout_cave_pods
Lair:2:   layout_regular_city, swamp_mist, dummy_spider_entry
Lair:3:   layout_small_grid
Lair:4:   layout_regular_city, basic_altar, ebering_ghost_xom,
          chequers_serial_rivers_micro_d, lemuel_fruit_tree
Lair:5:   layout_gridlike, eino_small_chamber_without_monster,
          serial_bayou_lagoon_a, uniq_sonja
Lair:6:   gammafunk_lair_ancient_temple, layout_long_grid,
          dpeg_slime_entry_corner, disabler_island
Orc:1:    nicolae_orc_accident_2, layout_caves, gammafunk_ghost_smash,
          roderic_batcave, uniq_erolcha
Orc:2:    st_orc_elflike, layout_caves, david_defended_altar_orc, uniq_azrael

Skill      XL: |  1  2  3  4  5  6  7  8  9 10 11 12 13 14 |
---------------+-------------------------------------------+-----
Fighting       | 4 5 6 7 8 10 11 | 11.9
Axes           | 3 6 8 10 13 15 16 17 18 19 | 19.3
Shields        | 4 5 6 7 8 9 10 11 | 11.5
Armour         | 4 5 6 7 8 9 10 | 10.0
Evocations     | 1 2 3 4 5 6 7 8 9 |  9.4
Dodging        | 1 2 |  2.0
Invocations    | 2 5 7 9 |  9.6
Stealth        | 2 |  2.1
Unarmed Combat | |  0.4

Action                   |  1- 3 |  4- 6 |  7- 9 | 10-12 | 13-15 || total
-------------------------+-------+-------+-------+-------+-------++-------
Melee: War axe           |   115 |   142 |   244 |   417 |   474 ||  1392
       Unarmed           |       |     2 |       |       |       ||     2
Invok: Convert to Beogh  |       |       |       |     1 |       ||     1
       Recall Orcish Fol |       |       |       |       |    11 ||    11
       Resurrection      |       |       |       |       |     1 ||     1
Evoke: Wand              |       |       |       |       |    36 ||    36
  Use: Potion            |       |     1 |     1 |     3 |     1 ||     6
       Scroll            |       |       |    10 |     8 |    16 ||    34
 Stab: Distracted        |       |       |       |       |     7 ||     7
       Confused          |       |       |       |       |     2 ||     2
       Paralysed         |       |       |       |       |     1 ||     1
  Eat: Chunk             |     1 |     7 |    10 |    13 |    18 ||    49
       Ration            |       |       |     1 |     1 |     1 ||     3
Armor: Scale mail        |    42 |       |       |       |       ||    42
       Chain mail        |       |    51 |       |       |       ||    51
       Plate armour      |       |     7 |   113 |   187 |   175 ||   482
Dodge: Dodged            |    37 |    27 |    35 |    80 |    92 ||   271
Block: Shield            |    62 |    83 |   123 |   218 |   225 ||   711

Table legend:
 A = Non-vault XP
 B = Vault XP
 C = Vault XP percentage of total XP
 D = Non-vault monster count
 E = Vault monster count
 F = Vault count percentage of total count
                 A         B        C        D         E       F
            +---------+---------+-------+---------+---------+-------
      Total |   62976 |   22837 |  26.6 |     437 |     118 |  21.3
            +---------+---------+-------+---------+---------+-------
        D:1 |      34 |       0 |   0.0 |      23 |       0 |   0.0
        D:2 |      70 |       0 |   0.0 |      24 |       0 |   0.0
        D:3 |     116 |     316 |  73.1 |      18 |       2 |  10.0
        D:4 |     313 |     133 |  29.8 |      15 |      21 |  58.3
        D:5 |     303 |       0 |   0.0 |      10 |       0 |   0.0
        D:6 |     714 |      44 |   5.8 |      21 |       2 |   8.7
        D:7 |     404 |     125 |  23.6 |      10 |       1 |   9.1
        D:8 |    1345 |     965 |  41.8 |      18 |       1 |   5.3
        D:9 |    1885 |    1664 |  46.9 |      34 |       2 |   5.6
       D:10 |    4648 |     326 |   6.6 |      27 |       2 |   6.9
       D:11 |    4433 |     257 |   5.5 |      38 |       6 |  13.6
       D:12 |    3745 |     701 |  15.8 |      23 |       2 |   8.0
     Lair:1 |    5487 |       0 |   0.0 |      30 |       0 |   0.0
     Lair:2 |    3520 |       0 |   0.0 |      16 |       0 |   0.0
     Lair:3 |    6331 |       0 |   0.0 |      26 |       0 |   0.0
     Lair:4 |   11121 |       0 |   0.0 |      30 |       0 |   0.0
     Lair:5 |    8483 |     774 |   8.4 |      32 |       1 |   3.0
     Lair:6 |    8244 |    9403 |  53.3 |      32 |      30 |  48.4
      Orc:1 |     471 |     926 |  66.3 |       3 |       1 |  25.0
      Orc:2 |    1309 |    3704 |  73.9 |       7 |      12 |  63.2
      Sewer |       0 |     234 | 100.0 |       0 |      24 | 100.0
      IceCv |       0 |    3265 | 100.0 |       0 |      11 | 100.0
            +---------+---------+-------+---------+---------+-------
